 Dungeon Crawl Stone Soup version 0.31-a0-360-gb3e1d13bf4 (webtiles) character file.

Game seed: 14114309217034208574

6 cforsyth the Charlatan (level 1, -1/17 HPs)
             Began as a Gnoll Artificer on July 27, 2023.
             Succumbed to an adder's poison
             ... on level 2 of the Dungeon.
             The game lasted 00:00:34 (660 turns).

cforsyth the Charlatan (Gnoll Artificer)             Turns: 660, Time: 00:00:34

Health: -1/17      AC:  4    Str: 11    XL:     1   Next: 90%
Magic:  1/1        EV: 12    Int: 10    God:
Gold:   37         SH:  0    Dex: 12    Spells: 0/0 levels left

rFire   . . .        a - +0 club
rCold   . . .        (no shield)
rNeg    . . .        b - +0 leather armour
rPois   .            (no helmet)
rElec   .            (no cloak)
rCorr   .            (no gloves)
SInv    .            i - +0 pair of boots
Will    .....        (no amulet)
Stlth   ++           (no ring)
HPRegen 0.22/turn    (no ring)
MPRegen 0.07/turn

%: no passive effects
@: mighty, lethally poisoned (-1 -> -11)
A: fangs 1, strong nose, distributed training
a: no special abilities


You were on level 2 of the Dungeon.
You visited 1 branch of the dungeon, and saw 2 of its levels.

You collected 37 gold pieces.

Inventory:

Hand Weapons
 a - a +0 club (weapon)
Armour
 b - a +0 leather armour (worn)
 i - a +0 pair of boots (worn)
Wands
 c - a wand of flame (15) (quivered)
 d - a wand of charming (15)
 e - a wand of iceblast (5)
Potions
 f - a potion of lignification {unknown}
 g - 2 potions of might
 h - a potion of heal wounds {unknown}


   Skills:
 + Level 2.4 Fighting
 + Level 0.2 Short Blades
 + Level 0.2 Long Blades
 + Level 0.2 Axes
 + Level 0.2 Maces & Flails
 + Level 0.2 Polearms
 + Level 0.2 Staves
 + Level 0.2 Ranged Weapons
 + Level 0.2 Throwing
 + Level 4.4 Armour
 + Level 2.4 Dodging
 + Level 2.2 Stealth
 + Level 0.2 Shields
 + Level 0.2 Unarmed Combat
 + Level 0.2 Spellcasting
 + Level 0.1 Conjurations
 + Level 0.1 Hexes
 + Level 0.1 Summonings
 + Level 0.1 Necromancy
 + Level 0.1 Translocations
 + Level 0.1 Transmutations
 + Level 0.1 Fire Magic
 + Level 0.1 Ice Magic
 + Level 0.1 Air Magic
 + Level 0.1 Earth Magic
 + Level 0.1 Poison Magic
 + Level 0.3 Invocations
 + Level 6.4 Evocations
 + Level 0.1 Shapeshifting


You couldn't memorise any spells.
You didn't know any spells.
Your spell library was empty.

Dungeon Overview and Level Annotations

Branches:
Dungeon (2/15)

Altars:

Shops:
D:1 !


Innate Abilities, Weirdness & Mutations

You have very sharp teeth.
Your uncanny sense of smell can sniff out nearby items.
Your experience applies equally to all skills.


Message History

You continue putting on your +0 pair of boots. x4
You finish putting on your +0 pair of boots.
An adder comes into view.
An adder is nearby!
An adder is nearby!
An adder is nearby!
The adder bites you.
You barely miss the adder. Your punch misses the adder.
Your bite misses the adder. The adder bites you.
You barely miss the adder. The adder bites you.
You are poisoned.
The adder poisons you! The adder bites you.
You are too injured to fight recklessly!
You are too injured to fight recklessly!
You are too injured to fight recklessly!
You are too injured to fight recklessly!
You are too injured to fight recklessly!
You are too injured to fight recklessly!
You are too injured to fight recklessly!
You are too injured to fight recklessly!
You are too injured to fight recklessly!
You are too injured to fight recklessly!
You barely miss the adder.
* * * LOW HITPOINT WARNING * * *
You feel very sick. The adder bites you.
* * * LOW HITPOINT WARNING * * *
The adder closely misses you.
You miss the adder.
* * * LOW HITPOINT WARNING * * *
You feel sick. The adder barely misses you.
You barely miss the adder.
* * * LOW HITPOINT WARNING * * *
You feel sick. The adder bites you.
* * * LOW HITPOINT WARNING * * *
You are more poisoned.
The adder poisons you! The adder barely misses you.
It was a potion of might.
You feel very mighty all of a sudden.
You die...

##################
.................#
#.###.##########@#
##....# #S#
#.###.# #.# .##
#.# #.# ## #.# #.#
# #.# #.# # #.#
#.# ## .... #.#
.##.#.#.


You could see an adder.

Vanquished Creatures
  A giant cockroach (D:1)
  A goblin (D:1)
  A kobold (D:1)
  A ball python (D:1)
  A frilled lizard (D:1)
  A rat (D:1)
6 creatures vanquished.

Notes
Turn   | Place    | Note
-------+----------+-------------------------------------------
     0 | D:1      | cforsyth the Gnoll Artificer began the quest for the Orb.
     0 | D:1      | Reached XP level 1. HP: 17/17 MP: 1/1
    55 | D:1      | Found Onait's Distillery.
   660 | D:2      | Succumbed to an adder's poison

Illustrated notes

Levels and vault maps discovered:
D:1:      shiori_shiawase, layout_loops_ring, serial_shops,
          nicolae_shop_industrial_runoff
D:2:      layout_loops_ring, chequers_ecumenical_altar_island, serial_shops,
          nicolae_shop_gaudy_bauble, nicolae_shop_real_fake_doors, shop,
          minmay_misc_feat_square

Action                     || total
---------------------------++-------
  Melee: Club              ||    36
         Bite              ||     2
    Use: Potion            ||     1
 Armour: Leather armour    ||    14
  Dodge: Dodged            ||    25

Table legend: (Time is in decaauts)
 A = Elapsed time spent in this place.
 B = Non-inter-level travel time spent in this place.
 C = Inter-level travel time spent in this place.
 D = Time resting spent in this place.
 E = Time spent auto-exploring this place.
 F = Levels seen in this place.
 G = Mean time per level.
                   A        B        C        D        E       F      G
               +--------+--------+--------+--------+--------+-----+--------+
         Total |    671 |    651 |     20 |      0 |    548 |   2 |  335.5 |
       Dungeon |    671 |    651 |     20 |      0 |    548 |   2 |  335.5 |
               +--------+--------+--------+--------+--------+-----+--------+

Top non-repeatable levels by time:
     D:1: 610 daAuts
     D:2: 61 daAuts
